Warning! The script has encountered some errors when parsing the replay. Please report them to the . » details
          0x00, prev: 0x16: 16 02 01 00 18 50 00 00 F3 B9 00 00 [00] 00 00 00 00 00 00 00 00 00 00 00 00 00 00 00 00 00 00 00 00 00 00 00 00 00 
0x00, prev: 0x00: 16 02 01 00 18 50 00 00 F3 B9 00 00 00 00 00 00 00 00 00 00 00 00 00 00 00 00 00 00 00 00 00 00 00 00 00 00 [00] 00 
0x00, prev: 0x04: 16 02 01 00 18 50 00 00 F3 B9 00 00 00 00 00 00 00 00 00 00 00 00 00 00 00 00 00 00 00 00 00 00 00 00 00 00 04 [00] 03 11 00 18 02 03 1A 19 72 62 74 6F 89 40 00 00 AC 8E 04 00 04 1F 00 12 18 00 03 00 0D 00 FF FF FF FF FF FF FF FF A1 CB F9 45 0C F9 98 C4 FF FF FF FF FF FF FF FF 
0x09, prev: 0x00: 16 02 01 00 A3 46 00 00 88 76 03 00 00 00 00 00 00 00 00 00 00 00 00 00 00 00 00 00 00 00 00 00 00 00 00 00 [09] 00 
0x0B, prev: 0x00: 16 02 08 00 6E 1C 00 00 D2 96 03 00 91 41 00 00 37 CC 04 00 0F 47 00 00 E6 A8 04 00 1E 53 00 00 F7 2E 07 00 88 53 00 00 6A 7A 04 00 56 56 00 00 48 43 04 00 F2 5A 00 00 4F E3 03 00 B3 61 00 00 12 A1 07 00 00 00 00 00 00 00 00 00 00 00 00 00 00 00 00 00 00 00 00 00 00 00 00 00 [0B] 00 
0x0F, prev: 0x00: 16 02 01 00 18 50 00 00 F3 B9 00 00 00 00 00 00 00 00 00 00 00 00 00 00 00 00 00 00 00 00 00 00 00 00 00 00 [0F] 00 
        General information
			
			
        
        - name: BNet
 
        - type: Ladder team game (AT/RT)
 
        - host: Battle.net
 
        - saver: powermissle
 
        
map: Highperch 
        - players: 6
 
        - length: 63:46
 
        - speed: Fast
 - version: 1.23 W3XP
 - replay type:  Public
 
» download(286 KB)
Players
        team 1 (winner) 
              
              
crenshaw_crippl (
teal | 70 APM | 1319 actions | 18:54)
              
 4 Blademaster 
 2 Wind Walk
 2 Critical Strike
 1 Shadow Hunter 
 1 Healing Wave
 
                » actions 
                
                | Assign group hotkey | 35 |  | 
| Basic commands | 6 |  | 
| Build / train | 57 |  | 
| ESC pressed | 6 |  | 
| Enter build submenu | 65 |  | 
| Enter hero's abilities submenu | 5 |  | 
| Give item / drop item | 4 |  | 
| Remove unit from queue | 1 |  | 
| Right click | 529 |  | 
| Select / deselect | 183 |  | 
| Select group hotkey | 330 |  | 
| Use ability | 98 |  | 
                1319 total
 » units 
                » upgrades
                
                | Spiked Barricades | 1 |  | 
| Ranged Weapons | 3 |  | 
| Liquid Fire | 1 |  | 
| Armor | 1 |  | 
| Reinforced Defenses | 1 |  | 
                7 total
 » buildings
                
                | Altar of Storms | 1 |  | 
| Orc Burrow | 10 |  | 
| War Mill | 1 |  | 
| Watch Tower | 42 |  | 
| Stronghold | 2 |  | 
| Voodoo Lounge | 2 |  | 
| Fortress | 1 |  | 
| Beastiary | 2 |  | 
                61 total
 » build order
                00:06 Altar of Storms
00:12 Orc Burrow
00:38 War Mill
01:35 Orc Burrow
01:51 Watch Tower
01:53 Watch Tower
02:22 Watch Tower
02:36 Watch Tower
02:59 Watch Tower
03:23 Watch Tower
03:42 Stronghold
03:42 Stronghold
03:56 Watch Tower
03:59 Watch Tower
04:18 Watch Tower
04:23 Watch Tower
04:28 Watch Tower
04:37 Watch Tower
05:03 Watch Tower
05:05 Watch Tower
05:28 Watch Tower
05:36 Watch Tower
05:42 Orc Burrow
05:44 Orc Burrow
05:53 Watch Tower
06:34 Voodoo Lounge
06:37 Watch Tower
06:37 Watch Tower
06:38 Watch Tower
06:39 Watch Tower
06:52 Fortress
06:57 Watch Tower
06:58 Watch Tower
07:00 Watch Tower
07:01 Beastiary
07:03 Beastiary
07:32 Orc Burrow
07:46 Watch Tower
08:30 Watch Tower
08:31 Watch Tower
08:31 Watch Tower
08:48 Watch Tower
08:50 Watch Tower
08:51 Watch Tower
08:52 Watch Tower
08:54 Watch Tower
13:07 Watch Tower
13:08 Watch Tower
13:17 Watch Tower
13:32 Watch Tower
13:33 Watch Tower
14:46 Watch Tower
14:46 Watch Tower
14:47 Watch Tower
14:47 Watch Tower
14:51 Orc Burrow
14:51 Orc Burrow
14:52 Orc Burrow
14:52 Orc Burrow
17:02 Voodoo Lounge
» items
                
                | Boots of Speed | 1 |  | 
| Staff of Teleportation | 1 |  | 
| Lesser Clarity Potion | 3 |  | 
| Healing Salve | 1 |  | 
| Orb of Lightning | 1 |  | 
| Tiny Great Hall | 1 |  | 
                8 total
  
               
              
              
fattestfatty (
pink | 35 APM | 1569 actions | 44:53)
              
 2 Keeper of the Grove 
 1 Entangling Roots
 1 Thorns Aura
 1 Goblin Tinker 
 1 Pocket Factory
 1 Blademaster 
 1 Wind Walk
 
                » actions 
                
                | Assign group hotkey | 26 |  | 
| Basic commands | 14 |  | 
| Build / train | 76 |  | 
| Enter build submenu | 29 |  | 
| Enter hero's abilities submenu | 4 |  | 
| Give item / drop item | 3 |  | 
| Right click | 610 |  | 
| Select / deselect | 275 |  | 
| Select group hotkey | 362 |  | 
| Use ability | 170 |  | 
                1569 total
 » units 
                
                | Wisp | 51 |  | 
| Druid of the Talon | 10 |  | 
                61 total
 » upgrades
                
                | Druid of the Talon Training | 1 |  | 
                1 total
 » buildings
                
                | Altar of Elders | 1 |  | 
| Moon Well | 15 |  | 
| Tree of Life | 2 |  | 
| Tree of Ages | 3 |  | 
| Ancient of War | 2 |  | 
| Ancient of Wind | 1 |  | 
| Watch Tower | 2 |  | 
                26 total
 » build order
                00:07 Altar of Elders
00:13 Moon Well
02:24 Moon Well
06:04 Tree of Life
06:38 Tree of Life
09:38 Moon Well
09:42 Moon Well
09:50 Moon Well
09:55 Moon Well
10:36 Tree of Ages
10:36 Tree of Ages
10:36 Tree of Ages
11:01 Moon Well
11:07 Moon Well
11:16 Moon Well
11:19 Moon Well
12:07 Moon Well
12:11 Moon Well
12:26 Moon Well
12:29 Moon Well
13:01 Ancient of War
13:01 Ancient of War
13:45 Moon Well
15:59 Ancient of Wind
27:02 Watch Tower
27:05 Watch Tower
» items
                
                | Staff of Teleportation | 1 |  | 
| Boots of Speed | 1 |  | 
| Scroll of Town Portal | 1 |  | 
                3 total
  
               
              
              
powermissle (
yellow | 38 APM | 2406 actions | 63:46)
              
 6 Blademaster 
 2 Wind Walk
 3 Critical Strike
 1 Bladestorm
 1 Goblin Tinker 
 1 Pocket Factory
 
                » actions 
                
                | Assign group hotkey | 33 |  | 
| Basic commands | 72 |  | 
| Build / train | 69 |  | 
| ESC pressed | 6 |  | 
| Enter build submenu | 91 |  | 
| Enter hero's abilities submenu | 9 |  | 
| Give item / drop item | 1 |  | 
| Remove unit from queue | 1 |  | 
| Right click | 1019 |  | 
| Select / deselect | 369 |  | 
| Select group hotkey | 500 |  | 
| Use ability | 236 |  | 
                2406 total
 » units 
                
                | Peon | 12 |  | 
| Troll Witch Doctor | 2 |  | 
| Demolisher | 4 |  | 
| Troll Batrider | 17 |  | 
                35 total
 » upgrades
                
                | Spiked Barricades | 2 |  | 
| Witch Doctor Training | 0 |  | 
| Reinforced Defenses | 1 |  | 
| Ranged Weapons | 2 |  | 
| Armor | 1 |  | 
                6 total
 » buildings
                
                | Altar of Storms | 1 |  | 
| Orc Burrow | 13 |  | 
| War Mill | 3 |  | 
| Watch Tower | 53 |  | 
| Stronghold | 4 |  | 
| Voodoo Lounge | 2 |  | 
| Fortress | 3 |  | 
| Spirit Lodge | 1 |  | 
| Barracks | 2 |  | 
| Beastiary | 2 |  | 
                84 total
 » build order
                00:07 Altar of Storms
00:09 Orc Burrow
00:40 War Mill
01:59 Watch Tower
02:02 Watch Tower
02:09 Watch Tower
02:37 Watch Tower
02:43 Watch Tower
03:49 Watch Tower
03:53 Watch Tower
04:05 Orc Burrow
04:07 Orc Burrow
04:17 Watch Tower
04:48 Watch Tower
05:07 Stronghold
05:08 Stronghold
05:22 Watch Tower
05:28 Watch Tower
05:35 Watch Tower
06:37 Watch Tower
06:45 Watch Tower
06:48 Voodoo Lounge
07:34 Watch Tower
08:02 Watch Tower
08:45 Watch Tower
08:50 Fortress
09:16 Watch Tower
09:48 Spirit Lodge
10:32 Watch Tower
10:34 Watch Tower
10:39 Watch Tower
12:31 Orc Burrow
12:50 Barracks
13:41 Barracks
14:34 Watch Tower
14:42 Watch Tower
14:58 Watch Tower
15:15 Beastiary
16:50 Orc Burrow
16:51 Orc Burrow
17:22 Watch Tower
22:20 Orc Burrow
22:21 Orc Burrow
22:25 Orc Burrow
22:28 War Mill
22:35 War Mill
23:51 Watch Tower
23:52 Watch Tower
23:54 Watch Tower
23:55 Watch Tower
23:56 Watch Tower
24:00 Watch Tower
26:04 Watch Tower
26:05 Watch Tower
26:08 Watch Tower
27:30 Watch Tower
27:40 Orc Burrow
27:43 Orc Burrow
32:34 Orc Burrow
32:41 Orc Burrow
32:42 Stronghold
32:43 Stronghold
37:26 Watch Tower
37:28 Watch Tower
37:33 Watch Tower
37:37 Watch Tower
37:41 Watch Tower
37:42 Watch Tower
38:56 Watch Tower
38:58 Watch Tower
39:02 Watch Tower
40:23 Watch Tower
40:28 Watch Tower
40:38 Watch Tower
44:45 Watch Tower
48:05 Beastiary
48:32 Watch Tower
48:38 Watch Tower
52:50 Voodoo Lounge
54:18 Watch Tower
54:23 Watch Tower
54:32 Watch Tower
» items
                
                | Orb of Lightning | 1 |  | 
| Staff of Teleportation | 1 |  | 
| Scroll of Town Portal | 1 |  | 
| Potion of Lesser Invulnerability | 3 |  | 
                6 total
  
               team 2 (loser) 
              
              
gigo53 (
blue | 42 APM | 2629 actions | 62:27)
              
 5 Paladin 
 2 Holy Light
 3 Devotion Aura
 
                » actions 
                
                | Assign group hotkey | 36 |  | 
| Basic commands | 540 |  | 
| Build / train | 43 |  | 
| Enter build submenu | 18 |  | 
| Enter hero's abilities submenu | 5 |  | 
| Right click | 680 |  | 
| Select / deselect | 373 |  | 
| Select group hotkey | 859 |  | 
| Use ability | 75 |  | 
                2629 total
 » units 
                
                | Peasant | 7 |  | 
| Rifleman | 10 |  | 
| Razormane Medicine Man | 1 |  | 
| Mortar Team | 5 |  | 
| Flying Machine | 1 |  | 
                24 total
 » upgrades
                
                | Long Rifles | 1 |  | 
| Lumber Harvesting | 1 |  | 
| Fragmentation Shards | 1 |  | 
| Gunpowder | 2 |  | 
                5 total
 » buildings
                
                | Farm | 10 |  | 
| Blacksmith | 1 |  | 
| Barracks | 1 |  | 
| Altar of Kings | 1 |  | 
| Scout Tower | 1 |  | 
| Arcane Tower | 3 |  | 
| Keep | 1 |  | 
| Castle | 1 |  | 
| Workshop | 2 |  | 
| Lumber Mill | 1 |  | 
                22 total
 » build order
                00:06 Farm
00:34 Blacksmith
00:45 Barracks
01:06 Altar of Kings
01:22 Farm
02:05 Scout Tower
02:12 Farm
02:35 Arcane Tower
02:35 Arcane Tower
03:06 Farm
03:49 Farm
04:20 Keep
04:45 Farm
07:03 Castle
07:35 Workshop
07:37 Workshop
07:38 Lumber Mill
08:37 Farm
09:35 Farm
09:36 Farm
11:48 Farm
» items
                
                | Lesser Clarity Potion | 1 |  | 
| Scroll of Speed | 1 |  | 
| Orb of Lightning | 1 |  | 
                3 total
  
               
              
              
lmf-devil (
red | 85 APM | 5245 actions | 61:23)
              
 5 Tauren Chieftain 
 2 Shockwave
 3 Endurance Aura
 3 Shadow Hunter 
 2 Hex
 1 Healing Wave
 
                » actions 
                
                | Assign group hotkey | 35 |  | 
| Basic commands | 410 |  | 
| Build / train | 128 |  | 
| ESC pressed | 1 |  | 
| Enter build submenu | 58 |  | 
| Enter hero's abilities submenu | 8 |  | 
| Give item / drop item | 2 |  | 
| Right click | 2182 |  | 
| Select / deselect | 689 |  | 
| Select group hotkey | 1585 |  | 
| Use ability | 147 |  | 
                5245 total
 » units 
                
                | Peon | 30 |  | 
| Grunt | 6 |  | 
| Shaman | 3 |  | 
| Tauren | 4 |  | 
| Troll Witch Doctor | 3 |  | 
| Troll Batrider | 20 |  | 
| Wind Rider | 13 |  | 
                79 total
 » upgrades
                
                | Armor | 1 |  | 
| Ranged Weapons | 3 |  | 
| Shaman Training | 2 |  | 
| Witch Doctor Training | 2 |  | 
| Pulverize | 1 |  | 
| Reinforced Defenses | 2 |  | 
                11 total
 » buildings
                
                | Altar of Storms | 1 |  | 
| Orc Burrow | 7 |  | 
| Barracks | 2 |  | 
| Voodoo Lounge | 2 |  | 
| Stronghold | 1 |  | 
| War Mill | 2 |  | 
| Fortress | 4 |  | 
| Spirit Lodge | 2 |  | 
| Tauren Totem | 2 |  | 
| Watch Tower | 25 |  | 
| Great Hall | 9 |  | 
| Beastiary | 3 |  | 
                60 total
 » build order
                00:07 Altar of Storms
00:17 Orc Burrow
00:36 Barracks
01:30 Orc Burrow
01:52 Voodoo Lounge
02:14 Voodoo Lounge
03:45 Stronghold
03:48 Orc Burrow
04:44 War Mill
07:07 Fortress
07:07 Fortress
07:07 Fortress
07:39 Barracks
08:49 Spirit Lodge
08:52 Spirit Lodge
09:32 Tauren Totem
09:36 Tauren Totem
10:18 Orc Burrow
12:05 Orc Burrow
12:12 Orc Burrow
13:36 Watch Tower
13:37 Watch Tower
13:46 Watch Tower
14:18 Watch Tower
14:21 Watch Tower
14:46 Watch Tower
16:38 Watch Tower
16:40 Watch Tower
17:21 Great Hall
17:34 Watch Tower
18:19 Great Hall
18:31 Orc Burrow
18:38 Watch Tower
18:41 Watch Tower
20:15 Great Hall
24:46 Watch Tower
26:01 Watch Tower
26:28 Watch Tower
27:08 Watch Tower
27:11 Watch Tower
27:14 Watch Tower
27:17 Watch Tower
27:38 Watch Tower
28:13 Beastiary
28:15 Beastiary
28:26 Watch Tower
29:26 Watch Tower
30:14 Great Hall
32:04 War Mill
47:18 Beastiary
47:26 Great Hall
47:32 Great Hall
47:41 Great Hall
51:44 Great Hall
54:37 Great Hall
56:01 Watch Tower
56:08 Watch Tower
57:41 Watch Tower
57:43 Watch Tower
» items
                
                | Healing Salve | 2 |  | 
| Tiny Great Hall | 1 |  | 
| Staff of Teleportation | 1 |  | 
                4 total
  
               
              
              
lmf-nightmare (
orange | 61 APM | 3898 actions | 63:41)
              
 5 Priestess of the Moon 
 3 Trueshot Aura
 2 Scout
 
                » actions 
                
                | Assign group hotkey | 25 |  | 
| Basic commands | 572 |  | 
| Build / train | 58 |  | 
| Enter build submenu | 12 |  | 
| Enter hero's abilities submenu | 5 |  | 
| Remove unit from queue | 2 |  | 
| Right click | 1622 |  | 
| Select / deselect | 530 |  | 
| Select group hotkey | 923 |  | 
| Use ability | 149 |  | 
                3898 total
 » units 
                
                | Wisp | 26 |  | 
| Huntress | 6 |  | 
| Glaive Thrower | 5 |  | 
| Troll Batrider | 2 |  | 
| Wind Rider | 6 |  | 
                45 total
 » upgrades
                » buildings
                
                | Moon Well | 4 |  | 
| Altar of Elders | 1 |  | 
| Hunter's Hall | 1 |  | 
| Ancient of War | 2 |  | 
| Ancient Protector | 1 |  | 
| Tree of Ages | 1 |  | 
| Tree of Life | 1 |  | 
                11 total
 » build order
                00:12 Moon Well
00:22 Altar of Elders
01:54 Hunter's Hall
01:59 Ancient of War
02:04 Ancient of War
02:12 Moon Well
03:00 Ancient Protector
04:33 Moon Well
10:57 Moon Well
11:39 Tree of Ages
15:25 Tree of Life
 
                Chat log
          (00:13 / Allies) powermissle: i dont toer?
(00:16 / Allies) crenshaw_crippl: micael u tower ur side
(00:17 / Allies) crenshaw_crippl: yeah u do
(00:18 / Allies) crenshaw_crippl: im orc
(00:19 / Allies) crenshaw_crippl: so u do
(00:26 / Allies) fattestfatty: altar burrow warmill
(00:27 / Allies) powermissle: o lord
(00:33 / Allies) crenshaw_crippl: 100 gold
(00:38 / Allies) fattestfatty: make sure to have frost wyrm spacing
(01:15 / Allies) crenshaw_crippl: get bm micael
(01:22 / Allies) fattestfatty: dh or kotg?
(01:22 / Allies) fattestfatty: fast
(01:24 / Allies) crenshaw_crippl: we gona harass
(01:25 / Allies) crenshaw_crippl: kotg
(01:28 / Allies) crenshaw_crippl: wood
(02:01 / Allies) crenshaw_crippl: keep feedin gme wood
(02:12 / Allies) crenshaw_crippl: get a well for more wood iwssp
(02:18 / Allies) crenshaw_crippl: gogo send bms
(02:44 / Allies) crenshaw_crippl: go the ne
(02:46 / Allies) crenshaw_crippl: and get wisps
(03:50 / Allies) crenshaw_crippl: ic all dibs on boots staff
(03:54 / Allies) crenshaw_crippl: kotg lure expos
(04:02 / Allies) fattestfatty: no towers
(04:03 / Allies) fattestfatty: wtf
(04:17 / Allies) fattestfatty: 900-300 supply michael
(04:30 / Allies) powermissle: 800 500 treal
(04:34 / Allies) powermissle: so shutty
(04:46 / Allies) fattestfatty: because im feeding all to him
(05:00 / Allies) crenshaw_crippl: tech ur main orc
(05:06 / Allies) crenshaw_crippl: luire right side
(05:06 / Allies) fattestfatty: too many burrows michael
(05:08 / Allies) crenshaw_crippl: koftg
(05:09 / Allies) fattestfatty: teck your mainh
(05:32 / Allies) fattestfatty: ill take the expos
(05:37 / Allies) crenshaw_crippl: k
(06:16 / All) gigo53: tf
(06:20 / Allies) fattestfatty: alex share
(06:43 / Allies) fattestfatty: call it out if you need supply
(07:16 / Allies) crenshaw_crippl: wood
(07:17 / Allies) crenshaw_crippl: gold
(07:39 / Allies) powermissle: stop helping my side
(07:43 / Allies) crenshaw_crippl: bm get 3
(07:48 / Allies) fattestfatty: yea alex
(07:52 / Allies) fattestfatty: you tower side is low
(08:09 / All) lmf-devil: yea
(08:15 / All) fattestfatty: NO
(08:23 / Allies) crenshaw_crippl: make weells behind tower wlal
(08:32 / Allies) fattestfatty: im going to have to stop feeding for ab it hten
(08:42 / Allies) fattestfatty: capturing a boots and staff
(08:45 / Allies) fattestfatty: take from my hero if you need
(09:20 / Allies) fattestfatty: need truesight at tower wall
(09:21 / Allies) fattestfatty: asap
(09:49 / Allies) crenshaw_crippl: ommy u on tinker duty
(09:51 / Allies) powermissle: ill get that i guess
(09:54 / Allies) crenshaw_crippl: WOOD GOLD
(10:16 / Allies) fattestfatty: have to tech my main then
(10:36 / Allies) crenshaw_crippl: get level 3
(10:40 / Allies) fattestfatty: me?
(10:43 / Allies) fattestfatty: or michael
(10:45 / Allies) crenshaw_crippl: help bm
(10:46 / Allies) crenshaw_crippl: get it
(10:49 / Allies) crenshaw_crippl: lrue and foucs or w/e
(10:54 / Allies) fattestfatty: ales share contorll
(10:55 / Allies) fattestfatty: plzzz
(10:56 / Allies) fattestfatty: plzz
(10:59 / Allies) crenshaw_crippl: for?
(11:04 / Allies) fattestfatty: to move ur shitty peons
(11:09 / Allies) fattestfatty: fathead
(11:31 / Allies) fattestfatty: tower the expo
(11:34 / Allies) fattestfatty: or they will hit with air
(11:47 / Allies) fattestfatty: and mains a little bit
(11:50 / Allies) fattestfatty: i dont want ot get bat owned
(11:55 / Allies) crenshaw_crippl: get wsiege
(11:56 / Allies) crenshaw_crippl: someone
(11:58 / Allies) crenshaw_crippl: 2 minuets ago
(12:02 / Allies) fattestfatty: relocate that to michael if he needs it
(12:13 / Allies) crenshaw_crippl: its gg real soon
(12:15 / Allies) crenshaw_crippl: if we dont have siege
(12:30 / Allies) crenshaw_crippl: GG
(12:38 / Allies) fattestfatty: michael
(12:41 / Allies) fattestfatty: get a barracks
(12:42 / Allies) fattestfatty: and siegfe
(13:05 / Allies) powermissle: owl
(13:57 / Allies) crenshaw_crippl: needed tinker while ago
(14:09 / Allies) crenshaw_crippl: go get now
(14:09 / Allies) crenshaw_crippl: tommy
(14:13 / Allies) crenshaw_crippl: its not too late to perch
(15:01 / Allies) crenshaw_crippl: spam towers
(15:02 / Allies) crenshaw_crippl: michael
(15:04 / Allies) crenshaw_crippl: tommy get perched
(15:49 / Allies) fattestfatty: tinker in position
(15:51 / Allies) powermissle: how we get pwerch?
(15:52 / Allies) fattestfatty: how do i get up in two cjumps
(16:10 / Allies) crenshaw_crippl: idk
(16:21 / Allies) crenshaw_crippl: i mseesd it up last fe times
(16:27 / Allies) fattestfatty: need air scout
(16:28 / Allies) fattestfatty: quick
(16:30 / Allies) fattestfatty: send an air unit
(16:30 / Allies) fattestfatty: fast
(16:31 / Allies) fattestfatty: fast
(16:39 / Allies) crenshaw_crippl: sending
(16:42 / Allies) crenshaw_crippl: u cant get a dott?
(16:56 / Allies) crenshaw_crippl: michel
(16:57 / Allies) crenshaw_crippl: make shops
(16:58 / Allies) crenshaw_crippl: in ur main
(17:19 / Allies) crenshaw_crippl: shops i said
(17:21 / Allies) crenshaw_crippl: for quick hall
(17:22 / Allies) crenshaw_crippl: zzzz
(17:33 / Allies) fattestfatty: fast
(17:45 / Allies) crenshaw_crippl: why are u gigvie me stuff
(17:47 / Allies) crenshaw_crippl: at 55 food
(17:51 / Allies) fattestfatty: wtfsiege
(18:13 / Allies) crenshaw_crippl: hide dott
(18:15 / Allies) crenshaw_crippl: we rely on him
(18:34 / Allies) fattestfatty: lot of gold left int e mines
(18:41 / Allies) crenshaw_crippl: send dott now
(18:42 / Allies) crenshaw_crippl: gogo
(19:42 / Allies) fattestfatty: do you have a quick hall?
(19:45 / Allies) fattestfatty: do you have your peons with you?
(19:52 / Allies) fattestfatty: wheres your hero
(20:31 / Allies) fattestfatty: tp up
(20:38 / Allies) fattestfatty: wheres your hero
(21:04 / Allies) fattestfatty: U ERE
(21:11 / Allies) powermissle: yes
(21:39 / Allies) powermissle: fucking
(21:40 / Allies) powermissle: fatal error
(21:41 / Allies) powermissle: bulslhti
(22:18 / Allies) fattestfatty: now make towers up there
(22:59 / Allies) powermissle: its alex
(23:06 / Allies) fattestfatty: i noticed
(23:10 / Allies) fattestfatty: when yo ustarted responding
(23:13 / Allies) fattestfatty: and managing at least ONE unit
(23:26 / Allies) powermissle: why did you think he would take orders to build easiert than he took orders to SHARE RESURS
(23:28 / Allies) powermissle: lol;
(23:41 / Allies) fattestfatty: iu managed to make like six dotts
(24:09 / Allies) powermissle: make sure my bats dont  die
(24:12 / Allies) powermissle: this mouse is a bucket of shit
(24:37 / Allies) fattestfatty: amek towers on perch
(24:42 / Allies) fattestfatty: the tower makers are done
(25:08 / Allies) powermissle: his bm i s level 2
(25:12 / Allies) fattestfatty: its all up to one bm now
(25:21 / Allies) fattestfatty: theres like 20000 gold in mines
(25:22 / Allies) fattestfatty: more
(25:40 / Allies) fattestfatty: waht was that
(25:41 / Allies) powermissle: W IS FOR WIND WLAK
(25:44 / Allies) powermissle: W NOT F
(25:44 / Allies) fattestfatty: were you commiting suicide with bm?
(25:59 / Allies) powermissle: U CAN BUILD
(26:00 / Allies) powermissle: WITH TEAL TOO
(26:30 / Allies) powermissle: WE DIOBNT AHVE A CREITER
(26:33 / Allies) powermissle: SO KEEP UR DOTAS ALIVE
(26:38 / Allies) powermissle: THE GOOD NEWS IS
(26:40 / Allies) powermissle: FUCK NVM
(26:42 / Allies) powermissle: I TKE IT BACK
(26:43 / Allies) powermissle: NO GOOD NEWS
(26:46 / Allies) powermissle: THEY CAN GET QUICK HALLS
(26:49 / All) gigo53: hey how the fuck u get up there
(26:54 / All) powermissle: U GOTTA GET A BOAT
(27:00 / All) gigo53: from where
(27:06 / Allies) powermissle: MAKE ALTAR AND WELL
(27:07 / Allies) powermissle: TOP LEFT
(27:09 / Allies) powermissle: ND GET UR HERO BACK
(27:11 / Allies) powermissle: AND COME UP
(27:12 / Allies) powermissle: SO U CAN BUILD 
(27:14 / Allies) powermissle: ARCHER SOR SOEMTHIGN
(27:29 / Allies) fattestfatty: im borke
(27:37 / Allies) fattestfatty: shit i gve it all to you and you left
(27:48 / Allies) powermissle: U CAN BUILD WITH HIM
(27:51 / Allies) powermissle: HE IS THE ONE WITH AHLL UP THERE
(28:02 / Allies) fattestfatty: what do i get
(28:05 / Allies) powermissle: TOWERS i guess
(28:08 / Allies) powermissle: fuck
(28:12 / Allies) powermissle: when they realize they can fast hall
(28:15 / Allies) powermissle: we are in for a lame time
(28:55 / Allies) fattestfatty: should i try to harass with his level 2 bm?
(29:07 / Allies) powermissle: nah
(29:15 / Allies) fattestfatty: im getting level 3 anyway
(29:38 / All) powermissle: the race to the crossing
(30:00 / All) gigo53: can u guys jus quit, this is gay
(30:03 / All) gigo53: yall not gonna win
(30:34 / Allies) powermissle: flare
(31:32 / Allies) fattestfatty: i got level 3
(31:34 / Allies) fattestfatty: at least
(31:49 / Allies) powermissle: they have hex
(31:50 / Allies) fattestfatty: kill his far out bat maker
(31:50 / Allies) powermissle: thats gay
(32:04 / Allies) fattestfatty: should i leave that dott at hte other perch
(32:07 / Allies) fattestfatty: or send it home
(32:11 / Allies) powermissle: home
(32:11 / Allies) fattestfatty: since hte creeps are dead there
(32:49 / Allies) fattestfatty: thgyre killing heir own stuff
(32:50 / Allies) powermissle: they killin 
(32:51 / Allies) powermissle: ya
(33:01 / All) gigo53: HOW the fuck u guys get up there?
(33:11 / All) powermissle: theres a zepp shop
(33:15 / All) powermissle: thats destructible
(33:16 / All) gigo53: where?
(33:17 / All) powermissle: as in u can kill it
(33:19 / All) powermissle: after getting aeepp
(33:45 / Allies) fattestfatty: he is mining at below 50 food on purpose
(33:48 / Allies) powermissle: michaels mouse is a rickety piec eof hsit
(33:48 / Allies) fattestfatty: this is going ot be long
(33:50 / Allies) fattestfatty: and rough
(34:02 / Allies) powermissle: inc bat
(34:03 / Allies) powermissle: handle it
(34:04 / Allies) fattestfatty: bottom mid expo
(34:07 / All) gigo53: so we are in a stalemate?
(34:10 / All) powermissle: ya
(34:21 / Allies) powermissle: no
(34:26 / All) gigo53: so whoever disses last wins?
(34:51 / Allies) powermissle: dont waste bats
(34:53 / Allies) powermissle: on conccoct
(34:55 / Allies) powermissle: 1 vs 1
(34:58 / Allies) powermissle: they can do that for 10 years
(34:59 / Allies) powermissle: with those mines
(35:20 / Allies) fattestfatty: i kind of want to send michaels bm down so it can get level 5
(35:39 / Allies) fattestfatty: inc bat south
(35:48 / Allies) powermissle: why
(35:50 / Allies) powermissle: woudl you send air too it
(35:52 / Allies) powermissle: that insnae
(35:58 / Allies) fattestfatty: i didnt lose any extra for it
(36:00 / Allies) powermissle: hes in fog
(36:03 / Allies) powermissle: we in owl scout
(36:09 / Allies) fattestfatty: so use your bm
(36:14 / Allies) powermissle: wasnt my leaver orc 45 food?
(36:17 / Allies) powermissle: i was trying
(36:21 / Allies) powermissle: when the air sprinted to it
(36:22 / Allies) powermissle: saving it
(36:33 / Allies) fattestfatty: i odnt knw what your trying to say
(36:36 / Allies) fattestfatty: that didnt make any sense
(36:39 / Allies) powermissle: just lure with air
(36:41 / Allies) powermissle: dont try to engage
(36:42 / Allies) powermissle: bats
(36:49 / Allies) fattestfatty: how lure
(36:51 / Allies) fattestfatty: lure with what?
(36:52 / Allies) fattestfatty: air?
(36:53 / Allies) fattestfatty: joke
(36:54 / Allies) powermissle: flee over tower
(36:54 / Allies) fattestfatty: bad joke
(37:03 / Allies) powermissle: you can build
(37:05 / Allies) powermissle: wit my leaver peons
(37:09 / Allies) powermissle: unless your mouse is a box of shit toto
(37:48 / Allies) fattestfatty: the way this is it would be better if hte bats left the perch
(38:24 / Allies) fattestfatty: if only you could kill that potm
(40:06 / Allies) powermissle: oom piec eof shit nigger
(40:49 / Allies) powermissle: thye still dont realize
(40:51 / Allies) powermissle: quick hall
(41:21 / Allies) powermissle: hes mining 71 fud now
(41:57 / Allies) fattestfatty: massing wyvs
(43:33 / Allies) fattestfatty: when he attacks with all those wyvs should i bat?
(43:37 / Allies) fattestfatty: i dont want to do it
(43:38 / Allies) powermissle: yeah
(43:47 / Allies) powermissle: need level 7 heros
(44:22 / Allies) powermissle: 100 food
(44:24 / Allies) powermissle: still no quick hall
(44:26 / Allies) powermissle: :s
(44:46 / Allies) fattestfatty: where did all te wyvs go
(44:51 / Allies) powermissle: southsid
(44:53 / All) lmf-devil: good
(48:18 / All) powermissle: its a school night boyos
(48:20 / All) powermissle: go to bed
(61:26 / All) powermissle: woot woot
(62:30 / All) powermissle: ??
(62:32 / All) powermissle: say soemthing
(62:33 / All) powermissle: dont leave
(62:34 / All) powermissle: pls